 Dungeon Crawl Stone Soup version 0.21-a0-85-ga0cb861 (webtiles) character file.

88 grindst0ne the Shield-Bearer (level 4, 0/37 HPs)
             Began as a Formicid Fighter on June 25, 2017.
             Slain by an orc priest
             ... wielding a +0 flail
              (3 damage)
             ... on level 3 of the Dungeon.
             The game lasted 00:02:43 (1390 turns).

grindst0ne the Shield-Bearer (Formicid Fighter)     Turns: 1390, Time: 00:02:43

Health: 0/37       AC:  5    Str: 20    XL:     4   Next: 82%
Magic:  4/4        EV: 10    Int: 13    God:
Gold:   151        SH:  9    Dex: 11    Spells: 3/3 levels left

rFire    . . .     SeeInvis +   a - +0 war axe
rCold    . . .     Gourm    .   c - +0 shield
rNeg     . . .     Faith    .   b - +0 scale mail
rPois    .         Spirit   .   (helmet unavailable)
rElec    .         Reflect  .   (no cloak)
rCorr    .         Harm     .   o - +0 pair of gloves
MR       .....                  (no boots)
Stlth    ..........             (no amulet)
HPRegen  0.12/turn              (no ring)
MPRegen  0.09/turn              (no ring)

@: brilliant
A: permanent stasis, dig shafts and tunnels, four strong arms, antennae 3,
repulsion field 1, deformed body, wild magic 1, evolution 1
a: Dig, Shaft Self


You were on level 3 of the Dungeon.
You were not hungry.

You visited 1 branch of the dungeon, and saw 3 of its levels.

You collected 151 gold pieces.

Inventory:

Hand Weapons
 a - a +0 war axe (weapon)
Armour
 b - a +0 scale mail (worn)
 c - a +0 shield (worn)
 o - a +0 pair of gloves (worn)
Scrolls
 e - a scroll of random uselessness {unknown}
 j - 2 scrolls of amnesia {unknown}
 k - 3 scrolls of teleportation {unknown}
 m - 4 scrolls of identify {unknown}
 n - 2 scrolls of remove curse {unknown}
 s - 4 scrolls of fear {unknown}
 u - a scroll of blinking {unknown}
Potions
 l - a potion of haste
Comestibles
 f - 2 bread rations
 g - 2 meat rations
 v - a royal jelly


   Skills:
 + Level 4.1 Fighting
 + Level 2.6 Axes
 + Level 4.1 Armour
 + Level 4.3 Shields


You had 3 spell levels left.
You didn't know any spells.

Dungeon Overview and Level Annotations

Branches:
Dungeon (3/15)

Altars:

Annotations:
D:3 Sigmund


Innate Abilities, Weirdness & Mutations

You cannot be hasted, slowed, berserked, paralysed or teleported.
You can dig through walls and to a lower floor.
Your four strong arms can wield two-handed weapons with a shield.
You have a pair of large antennae on your head. (SInv)
You are surrounded by a mild repulsion field. (EV +2)
Armour fits poorly on your strangely shaped body.
Your spells are a little harder to cast, but a little more powerful.
You evolve.


Message History

The orc is heavily wounded.
The orc priest begins to cast a cantrip, but forgets the words!
You block Sigmund's attack. The orc barely misses you.
You slash the orc!
You kill the orc!
The orc priest calls down the wrath of Beogh upon you.
Pain shoots through your body!
* * * LOW HITPOINT WARNING * * *
Sigmund closely misses you.
You slash the orc priest!
The orc priest is almost dead.
You block the orc priest's attack. Sigmund misses you.
You hit the orc priest but do no damage.
The orc priest is almost dead.
You block the orc priest's attack.
Sigmund hits you from afar with a scythe.
* * * LOW HITPOINT WARNING * * *
Found an escape hatch in the ceiling.
The orc priest hits you with a flail.
You die...

######.........
............#
............# #
........<...# #.##
............###.....
..........o.o.......
.......##.{#@###...
.......##..##o#
.............@#
..............#
.............#
##........#
#........#
#........#
#........#
#..<.....#


You could see Sigmund (invisible), an orc priest and an orc.

Vanquished Creatures
  Terence (D:3)
  An ooze (D:3)
  2 worms (D:2)
  2 dart slugs (D:2)
  2 leopard geckos (D:1)
  2 orcs (D:3)
  A giant cockroach (D:2)
  7 goblins
  3 hobgoblins
  2 jackals (D:3)
  A quokka (D:2)
  6 bats
  2 frilled lizards
  8 kobolds
  6 rats
46 creatures vanquished.

Notes
Turn   | Place    | Note
-------+----------+-------------------------------------------
     0 | D:1      | grindst0ne the Formicid Fighter began the quest for the Orb.
     0 | D:1      | Reached XP level 1. HP: 18/18 MP: 1/1
   134 | D:1      | Reached XP level 2. HP: 23/24 MP: 2/2
   421 | D:1      | Reached XP level 3. HP: 23/29 MP: 3/3
  1089 | D:2      | Reached XP level 4. HP: 35/37 MP: 4/4
  1347 | D:3      | Noticed Sigmund
  1357 | D:3      | Gained mutation: Armour fits poorly on your strangely shaped body. [potion of mutation]
  1357 | D:3      | Gained mutation: You evolve. [potion of mutation]
  1357 | D:3      | Gained mutation: Your spells are a little harder to cast, but a little more powerful. [potion of mutation]
  1357 | D:3      | Gained mutation: You are surrounded by a mild repulsion field. (EV +2) [potion of mutation]
  1360 | D:3      | Noticed Terence
  1382 | D:3      | Killed Terence
  1390 | D:3      | Slain by an orc priest

Vault maps used:
D:1:      dpeg_arrival_castle, minmay_vboxes
D:2:      minmay_fountain_box
D:3:      nicolae_overflow_hidden_temple, uniq_sigmund, uniq_terence,
          uniq_grinder

Skill      XL: |  1  2  3  4 |
---------------+-------------+-----
Shields        | 4 |  4.3
Fighting       | 4 |  4.1
Armour         | 4 |  4.1
Axes           | |  2.6

Action                   |  1- 3 |  4- 6 || total
-------------------------+-------+-------++-------
Melee: War axe           |   136 |    29 ||   165
 Abil: Dig               |       |     1 ||     1
  Use: Potion            |       |     9 ||     9
  Eat: Chunk             |     1 |     1 ||     2
Armor: Scale mail        |    54 |    14 ||    68
       Skin              |       |    10 ||    10
Dodge: Dodged            |    44 |    22 ||    66
Block: Shield            |    74 |    30 ||   104
